 Dungeon Crawl Stone Soup version 0.18-a0-1542-g9c1a92e (webtiles) character file.

4134 dvd the Grappler (level 10, -8/88 HPs)
             Began as a Ghoul Monk on Mar 10, 2016.
             Was a High Priest of Makhleb.
             Killed by dispel undead
             ... invoked by Josephine
              (25 damage)
             ... on level 10 of the Dungeon.
             The game lasted 00:26:48 (7211 turns).

dvd the Grappler (Ghoul Monk)                       Turns: 7211, Time: 00:26:49

Health: -8/88      AC: 24    Str: 17    XL:     10   Next: 27%
Magic:  13/13      EV:  3    Int:  5    God:    Makhleb [*****.]
Gold:   267        SH:  0    Dex: 17    Spells: 0 memorised, 9 levels left

rFire  + . .     SeeInvis .       - Unarmed
rCold  + + .     Gourm    .     L - +0 gold dragon armour
rNeg   + + +     Faith    .     (no shield)
rPois  ∞         Spirit   .     (no helmet)
rElec  .         Dismiss  .     z - +2 cloak
rCorr  .         Reflect  .     J - +2 pair of gloves
SustAt .         Harm     .     K - +2 pair of boots
MR     .....                    (no amulet)
Stlth  ..........               (no ring)
                                i - +4 ring of dexterity

@: rotting, slowed, very slow, not resistant to hostile enchantments, extremely
unstealthy
A: rotting body, claws 1, carnivore 3, cold resistance 1, negative energy
resistance 3, slow regeneration 1, torment resistance, unbreathing
a: Minor Destruction, Lesser Servant of Makhleb, Major Destruction, Greater
Servant of Makhleb, Renounce Religion


You were on level 10 of the Dungeon.
You worshipped Makhleb.
Makhleb was extremely pleased with you.
You were not hungry.

You visited 2 branches of the dungeon, and saw 11 of its levels.

You collected 729 gold pieces.
You spent 462 gold pieces at shops.

Inventory:

Hand Weapons
 c - a +2 dagger of venom
Missiles
 v - 3 javelins (quivered)
 x - 15 tomahawks
Armour
 u - a +0 scale mail
 y - a +0 chain mail
 z - a +2 cloak (worn)
 F - a +0 robe of resistance
 J - a +2 pair of gloves (worn)
 K - a +2 pair of boots (worn)
 L - a +0 gold dragon armour (worn)
Jewellery
 i - a +4 ring of dexterity (left hand)
 A - the amulet of Cekugob {Dismiss -Tele rElec rPois rN++ AC+1 EV+1}
   (You found it on level 4 of the Dungeon)

   [amulet of dismissal]

   It may teleport away creatures that harm you.
   It affects your AC (+1).
   It affects your evasion (+1).
   It insulates you from electricity.
   It protects you from poison.
   It greatly protects you from negative energy.
   It prevents most forms of teleportation.
Wands
 g - a wand of polymorph (7/24)
 E - a wand of lightning (7/15)
 G - a wand of polymorph (5/24)
 M - a wand of random effects (17/48)
 N - a wand of confusion (21/48)
Scrolls
 a - 6 scrolls of remove curse
 d - a scroll of fog
 e - 12 scrolls of identify
 o - a scroll of magic mapping
 r - 3 scrolls of enchant armour
 C - a scroll of blinking
 D - 3 scrolls of enchant weapon
Potions
 j - a potion of magic
 l - a potion of degeneration {unknown}
 m - 3 potions of curing
Comestibles
 b - 2 meat rations
 f - 3 royal jellies
 h - a slice of pizza
 k - 3 chunks of flesh
 w - 3 beef jerkies


   Skills:
 + Level 7.7 Fighting
 * Level 5.2 Armour
 + Level 5.4 Dodging
 + Level 4.1 Stealth
 + Level 9.7 Unarmed Combat
 + Level 6.6 Invocations


You had 9 spell levels left.
You didn't know any spells.

Dungeon Overview and Level Annotations

Branches:
Dungeon (10/15)            Temple (1/1) D:5
   Lair: D:8-11         Orc: D:9-12

Altars:
Ashenzari
Cheibriados
Dithmenos
Elyvilon
Fedhas
Gozag
Kikubaaqudgha
Makhleb
Nemelex Xobeh
Okawaru
Pakellas
Qazlal
Ru
Sif Muna
Trog
Vehumet
Xom
Yredelemnul
Zin
The Shining One
Jiyva

Shops:
D:7 [

Annotations:
D:10 Josephine


Innate Abilities, Weirdness & Mutations

Your body is rotting away.
You thrive on raw meat.
You are immune to poison.
You have sharp fingernails.
You are carnivorous and can eat meat at any time.
Your flesh is cold resistant.
You are immune to negative energy.
You regenerate slowly when monsters are visible.
You are immune to unholy pain and torment.
You can survive without breathing.


Message History

* * * LOW HITPOINT WARNING * * *
The wraith drains your vigour!
You feel as though you will be slow longer.
Your ynoxinul hits Josephine. Josephine hits you with a dagger.
* * * LOW HITPOINT WARNING * * *
The wraith hits you but does no damage.
Drink which item? (? for menu, Esc to quit)
You feel better.
Your ynoxinul misses Josephine. Josephine hits you but does no damage.
The wraith hits you but does no damage.
Your ynoxinul closely misses Josephine.
You hit Josephine but do no damage.
Josephine is heavily wounded.
Josephine hits you but does no damage. The wraith hits you.
* * * LOW HITPOINT WARNING * * *
The wraith drains your vigour!
You feel as though you will be slow longer.
Your ynoxinul hits Josephine!
Josephine gestures at you while chanting.
You convulse!
You die...

. .. .$. #####.. #....
#####..#######
#.....WW@....#
......((###@...# #.#
###......##3...# .#+#..#
..............## ......+
.##............##..8..#
#....#####....##...#####
#?... ####.....#...#...#
##### .................#
#...#............#


You could see Josephine, 2 wraiths and a friendly ynoxinul.

Vanquished Creatures
  Pikel (D:7)
  A two-headed ogre (D:8)
  Prince Ribbit (D:7)
  2 wraiths (D:10)
  A human (D:10)
  A water moccasin (D:5)
  2 sky beasts (D:7)
  2 orc warriors
  2 phantoms
  4 slaves (D:7)
  An ogre (D:9)
  A centaur (D:10)
  Blork the orc (D:4)
  A big kobold (D:7)
  6 scorpions
  2 killer bees (D:10)
  A howler monkey (D:5)
  7 crimson imps
  A giant frog zombie (D:7)
  A centaur skeleton (D:7)
  6 orc priests
  Crazy Yiuf (D:4)
  A giant frog skeleton (D:8)
  A hound (D:8)
  A jelly (D:5)
  Jessica (D:2)
  An iguana (D:8)
  7 orc wizards
  5 worker ants
  A hound zombie (D:7)
  2 hound skeletons (D:7)
  A howler monkey zombie (D:4)
  5 gnolls
  7 adders
  4 shadow imps
  2 oozes
  An adder zombie (D:9)
  2 worms (D:2)
  2 dart slugs (D:1)
  2 giant geckos
  31 orcs
  3 giant cockroaches
  6 goblins
  5 hobgoblins
  8 jackals
  15 kobolds
  3 quokkas
  7 bats
  2 giant newts
  2 quokka skeletons
  7 rats
181 creatures vanquished.

Vanquished Creatures (collateral kills)
  A centaur zombie (D:10)
  A killer bee (D:10)
  A centaur skeleton (D:10)
  2 hounds (D:10)
  A kobold (D:10)
  A quokka (D:10)
7 creatures vanquished.

Grand Total: 188 creatures vanquished

Notes
Turn   | Place    | Note
--------------------------------------------------------------
     0 | D:1      | dvd the Ghoul Monk began the quest for the Orb.
     0 | D:1      | Reached XP level 1. HP: 19/19 MP: 0/0
   131 | D:1      | Reached XP level 2. HP: 26/26 MP: 1/1
   550 | D:1      | Reached XP level 3. HP: 29/31 MP: 2/2
   902 | D:1      | Reached skill level 5 in Unarmed Combat
  1091 | D:2      | Noticed Jessica
  1096 | D:2      | Killed Jessica
  1096 | D:2      | Reached XP level 4. HP: 35/40 MP: 3/3
  1946 | D:3      | Reached XP level 5. HP: 46/46 MP: 4/4
  2405 | D:3      | Found a burning altar of Makhleb.
  2426 | D:3      | Became a worshipper of Makhleb the Destroyer
  2426 | D:3      | Reached * piety under Makhleb
  2426 | D:3      | Reached ** piety under Makhleb
  2641 | D:4      | Found a deep blue altar of Sif Muna.
  2805 | D:4      | Noticed Blork the orc
  2813 | D:4      | Killed Blork the orc
  2813 | D:4      | Reached skill level 1 in Invocations
  2813 | D:4      | Reached XP level 6. HP: 41/53 MP: 5/5
  2903 | D:4      | Noticed Crazy Yiuf
  2942 | D:4      | Found a shattered altar of Ashenzari.
  2995 | D:4      | Found an opulent altar of Gozag.
  3025 | D:4      | Found a sacrificial altar of Ru.
  3029 | D:4      | Found a snail-covered altar of Cheibriados.
  3069 | D:4      | Killed Crazy Yiuf
  3192 | D:5      | Entered Level 5 of the Dungeon
  3205 | D:5      | Reached skill level 5 in Fighting
  3205 | D:5      | Reached skill level 1 in Armour
  3205 | D:5      | Reached skill level 6 in Unarmed Combat
  3345 | D:5      | Reached XP level 7. HP: 61/61 MP: 7/7
  3414 | D:5      | Found a staircase to the Ecumenical Temple.
  3432 | Temple   | Entered the Ecumenical Temple
  3584 | D:5      | Found an ancient bone altar of Kikubaaqudgha.
  3584 | D:5      | Found a blossoming altar of Fedhas.
  3970 | D:5      | Reached XP level 8. HP: 62/69 MP: 8/8
  4032 | D:6      | Found an oddly glowing altar of Pakellas.
  4072 | D:6      | Reached skill level 7 in Unarmed Combat
  4074 | D:6      | Reached *** piety under Makhleb
  4226 | D:6      | Found an iron altar of Okawaru.
  4454 | D:6      | Found a shadowy altar of Dithmenos.
  4533 | D:6      | Found a white marble altar of Elyvilon.
  4735 | D:7      | Noticed Pikel
  4976 | D:7      | Noticed Prince Ribbit
  4985 | D:7      | Killed Prince Ribbit
  4985 | D:7      | Reached XP level 9. HP: 75/78 MP: 11/11
  4990 | D:7      | Reached **** piety under Makhleb
  4990 | D:7      | Reached skill level 8 in Unarmed Combat
  5160 | D:7      | Found Vuikob's Armour Boutique.
  5171 | D:7      | Bought a +2 pair of gloves for 231 gold pieces
  5171 | D:7      | Bought a +2 pair of boots for 231 gold pieces
  5413 | D:7      | Killed Pikel
  5413 | D:7      | Reached skill level 5 in Dodging
  5413 | D:7      | Reached skill level 5 in Invocations
  5663 | D:8      | Noticed a two-headed ogre
  5672 | D:8      | Killed a two-headed ogre
  5779 | D:8      | Found a sparkling altar of Nemelex Xobeh.
  6270 | D:9      | Reached skill level 9 in Unarmed Combat
  7001 | D:9      | Found a glowing golden altar of the Shining One.
  7035 | D:10     | Entered Level 10 of the Dungeon
  7047 | D:10     | Reached XP level 10. HP: 57/85 MP: 13/13
  7055 | D:10     | Reached ***** piety under Makhleb
  7113 | D:10     | Reached skill level 5 in Armour
  7131 | D:10     | Noticed Josephine
  7211 | D:10     | Killed from afar by Josephine

Vault maps used:
D:1:      minmay_arrival_nine_rooms
D:2:      uniq_jessica
D:3:      makhleb_grotto_becter, first_bread
D:4:      lemuel_crystal_altar, minmay_overflow_temple_star_quad,
          kennysheep_mini, uniq_crazy_yiuf_cottage, uniq_blork_the_orc
D:5:      grunt_temple_overflow_growth_and_decay, minmay_temple_entry_overgrown
D:6:      okawaru_trees_2, lemuel_coloured_pillars_altar, grunt_pakellas_salt,
          grunt_dithmenos_shadows
D:7:      serial_shops, shop, uniq_prince_ribbit1, uniq_pikel
D:8:      nemelex_deck
D:9:      kennysheep_mini_moat
D:10:     dpeg_oklobed_lair, david_orc_1_choice, hangedman_stone_soup,
          uniq_josephine, uniq_nergalle
Temple:   pf_slimified_temple

Skill      XL: |  1  2  3  4  5  6  7  8  9 10 |
---------------+-------------------------------+-----
Dodging        | 3 4 5 |  5.4
Unarmed Combat | 5 6 7 9 |  9.7
Stealth        | 3 4 |  4.1
Fighting       | 4 5 6 7 |  7.7
Invocations    | 1 2 4 6 |  6.6
Armour         | 1 2 3 4 5 |  5.2

Action                   |  1- 3 |  4- 6 |  7- 9 | 10-12 || total
-------------------------+-------+-------+-------+-------++-------
Melee: Unarmed           |    80 |   156 |   435 |    87 ||   758
Invok: Minor Destruction |       |     6 |    62 |     2 ||    70
       Lesser Servant of |       |       |     1 |     1 ||     2
       Major Destruction |       |       |       |     1 ||     1
  Use: Scroll            |       |     8 |     5 |     1 ||    14
       Potion            |       |       |    11 |     5 ||    16
 Stab: Sleeping          |     6 |     1 |     1 |       ||     8
       Distracted        |       |       |     1 |     1 ||     2
  Eat: Chunk             |     8 |    17 |    34 |     4 ||    63
